 Dungeon Crawl Stone Soup version 0.23.2 (webtiles) character file.

Game seed: 15761570517259836591

41 Kinoniko the Skirmisher (level 3, -1/30 HPs)
             Began as a Demonspawn Wanderer on Apr 2, 2019.
             Slain by an adder (3 damage)
             ... on level 2 of the Dungeon.
             The game lasted 00:04:49 (2478 turns).

Kinoniko the Skirmisher (Demonspawn Wanderer)       Turns: 2478, Time: 00:04:50

Health: -1/30      AC:  5    Str: 12    XL:     3   Next: 32%
Magic:  12/12      EV: 13    Int: 12    God:
Gold:   113        SH:  0    Dex: 14    Spells: 2/2 levels left

rFire    . . .     SeeInvis .   a - +3 dagger
rCold    . . .     Gourm    .   (no shield)
rNeg     . . .     Faith    .   d - +0 robe
rPois    .         Spirit   .   (no helmet)
rElec    .         Reflect  .   k - +2 cloak
rCorr    .         Harm     .   (no gloves)
MR       .....                  (no boots)
Stlth    ++........             i - amulet of inaccuracy (curse)
HPRegen  0.10/turn              j - ring of magical power (curse)
MPRegen  0.13/turn              (no ring)

@: lethally poisoned (-1 -> -3), heavily drained
A: claws 1, repulsion field 1
a: no special abilities


You were on level 2 of the Dungeon.
You were not hungry.

You visited 1 branch of the dungeon, and saw 2 of its levels.

You collected 113 gold pieces.

Inventory:

Hand Weapons
 a - a +3 dagger (weapon)
Armour
 d - a +0 robe (worn)
 k - a +2 cloak (worn)
Jewellery
 i - a cursed amulet of inaccuracy (around neck)
 j - a cursed ring of magical power (left claw)
 l - an uncursed amulet of harm
Scrolls
 b - a scroll of fear
Potions
 c - 2 potions of lignification
 e - 2 potions of cancellation {unknown}
 g - a potion of curing {unknown}
 h - a potion of agility {unknown}
Comestibles
 f - 2 rations


   Skills:
 + Level 3.7(2.1) Fighting
 + Level 1.0(0.0) Short Blades
   Level 1.7(0.2) Staves
 + Level 1.2(0.0) Dodging
 + Level 3.1(1.5) Stealth
   Level 1.0(0.0) Shields


You had 2 spell levels left.
You didn't know any spells.
Your spell library was empty.

Dungeon Overview and Level Annotations

Branches:
Dungeon (2/15)

Altars:


Innate Abilities, Weirdness & Mutations

You have sharp fingernails.
You are surrounded by a mild repulsion field. (EV +2)


Message History

The adder is heavily wounded.
The bat misses you. The adder bites you but does no damage.
The kobold hits you but does no damage. The kobold barely misses you.
You hit the kobold.
You kill the kobold!
The bat barely misses you. The adder bites you.
* * * LOW HITPOINT WARNING * * *
You are poisoned.
The adder poisons you! The kobold barely misses you.
The adder bites you but does no damage.
You hit the adder.
The adder is severely wounded.
* * * LOW HITPOINT WARNING * * *
You feel sick. The bat hits you.
* * * LOW HITPOINT WARNING * * *
The kobold misses you. The adder bites you but does no damage.
You barely miss the adder.
The adder is severely wounded.
The bat misses you. The adder bites you.
You die...

####### .......
##########.......
#.........$......
#................
##........S.......
#.........@b......
##........†K......
#.########.......
######.########.......
#>....................
#.####....†......#.###
#.#######.######.#.#
#........... .. .
###.###..###..


You could see an adder, a bat and a kobold.

Vanquished Creatures
  A worm (D:2)
  2 leopard geckos (D:1)
  A ball python (D:2)
  3 giant cockroaches (D:1)
  5 goblins
  A hobgoblin (D:1)
  4 jackals (D:1)
  5 kobolds
  4 bats (D:1)
  6 rats (D:1)
32 creatures vanquished.

Notes
Turn   | Place    | Note
-------+----------+-------------------------------------------
     0 | D:1      | Kinoniko the Demonspawn Wanderer began the quest for the
                  | Orb.
     0 | D:1      | Kinoniko set off with the following items: a +2 dagger, a
                  | scroll of fear, 2 potions of lignification, a +0 robe, a
                  | ration
     0 | D:1      | Reached XP level 1. HP: 18/18 MP: 1/1
   154 | D:1      | Gained mutation: You are surrounded by a mild repulsion
                  | field. (EV +2) [demonic ancestry]
   154 | D:1      | Reached XP level 2. HP: 12/24 MP: 2/2
   776 | D:1      | Gained mutation: You have sharp fingernails. [demonic
                  | ancestry]
   776 | D:1      | Reached XP level 3. HP: 30/30 MP: 3/3
  2470 | D:2      | Reached skill level 1 in Short Blades
  2478 | D:2      | Slain by an adder

Skill      XL: |  1  2  3 |
---------------+----------+-----
Stealth        | 3 |  3.1
Short Blades   | 1 |  1.0
Fighting       | |  3.7
Staves         | |  1.7
Dodging        | |  1.2
Shields        | |  1.0

Action                   || total
-------------------------++-------
Melee: Dagger            ||   100
  Use: Scroll            ||     2
 Stab: Sleeping          ||     4
  Eat: Ration            ||     2
Armor: Robe              ||    36
Dodge: Dodged            ||    95
